 Dungeon Crawl Stone Soup version 0.24.0-29-g8ce449bc06 (webtiles) character file.

Game seed: 9562420839068584365, levelgen mode: deterministic

910 Burgietje the Chopper (level 8, -11/51 HPs)
             Began as a Gargoyle Fighter on Nov 15, 2019.
             Was a Follower of Okawaru.
             Mangled by an orc warrior
             ... wielding a +0 war axe
              (17 damage)
             ... in a bailey.
             The game lasted 00:07:15 (4609 turns).

Burgietje the Chopper (Gargoyle Fighter)            Turns: 4609, Time: 00:07:16

Health: -11/51     AC: 14    Str: 23    XL:     8   Next: 8%
Magic:  11/11      EV:  7    Int:  8    God:    Okawaru [*.....]
Gold:   344        SH:  9    Dex:  9    Spells: 7/7 levels left

rFire    . . .     SeeInvis .   F - +5 hand axe of Gluttony {elec, rElec rPois}
rCold    . . .     Gourm    .   c - +0 shield
rNeg     + . .     Faith    .   b - +0 scale mail
rPois    ∞         Spirit   .   r - +2 hat
rElec    +         Reflect  .   E - scarf {repulsion}
rCorr    .         Harm     .   (no gloves)
MR       +....                  (no boots)
Stlth    ..........             (no amulet)
HPRegen  0.17/turn              t - ring of protection from magic
MPRegen  0.12/turn              (no ring)

@: repel missiles
A: negative energy resistance 1, electricity resistance, unbreathing,
petrification resistance, rot immunity, AC +5
a: Heroism, Renounce Religion


You were in a bailey.
You worshipped Okawaru.
Okawaru was aware of your devotion.
You were not hungry.

You visited 2 branches of the dungeon, and saw 8 of its levels.
You also visited: Bailey.

You collected 396 gold pieces.
You spent 52 gold pieces at shops.

Inventory:

Hand Weapons
 a - a +0 war axe
 B - a +1 hand axe of flaming
 F - the +5 hand axe of Gluttony (weapon) {elec, rElec rPois}
   (You found it on level 7 of the Dungeon)

   Occasionally, upon striking a foe, it will discharge some electrical energy
   and cause terrible harm.
   It insulates you from electricity.
   It protects you from poison.
 G - a +0 broad axe
Missiles
 i - 175 stones (quivered)
 u - 45 sling bullets
Armour
 b - a +0 scale mail (worn)
 c - a +0 shield (worn)
 l - a +1 cloak of invisibility
 p - a scarf of spirit shield
 r - a +2 hat (worn)
 E - a scarf of repulsion (worn)
Jewellery
 t - a ring of protection from magic (left hand)
Wands
 q - a wand of random effects (21)
Scrolls
 e - a scroll of blinking {unknown}
 g - 5 scrolls of remove curse {unknown}
 h - 6 scrolls of identify {unknown}
 n - a scroll of random uselessness {unknown}
 v - a scroll of teleportation {unknown}
 x - a scroll of immolation {unknown}
 y - 2 scrolls of fear {unknown}
 A - 2 scrolls of amnesia {unknown}
 C - a scroll of enchant weapon {unknown}
 D - a scroll of noise {unknown}
Potions
 d - 2 potions of might
 j - 2 potions of degeneration
 k - 4 potions of brilliance {unknown}
 m - a potion of mutation {unknown}
 o - a potion of haste
 s - a potion of heal wounds {unknown}
 w - 2 potions of agility {unknown}
 z - a potion of lignification
Comestibles
 f - 11 rations


   Skills:
 - Level 5.8 Fighting
 + Level 6.0 Axes
 - Level 3.2 Armour
 - Level 3.2 Shields
 + Level 4.7 Invocations


You had 7 spell levels left.
You didn't know any spells.
Your spell library was empty.

Dungeon Overview and Level Annotations

Branches:
Dungeon (7/15)             Temple (1/1) D:5          Bailey (1/1)

Altars:
Cheibriados
Dithmenos
Elyvilon
Fedhas
Gozag
Hepliaklqana
Kikubaaqudgha
Nemelex Xobeh
Okawaru
Qazlal
Ru
Sif Muna
Uskayaw
Xom
Yredelemnul
Lugonu

Shops:
D:4 }}:!

Annotations:
Bailey 3 runed translucent doors


Innate Abilities, Weirdness & Mutations

You are resistant to torment.
Your stone body is resilient. (AC +5)
You are immune to poison.
You resist negative energy. (rN+)
You are resistant to electric shocks. (rElec)
You can survive without breathing.
You are immune to petrification.
You are immune to rotting.


Message History

You are too injured to fight recklessly!
You are too injured to fight recklessly!
You completely miss the orc warrior.
The orc warrior is heavily wounded.
The orc warrior hits you with a +0 war axe!
* * * LOW HITPOINT WARNING * * *
You hit the orc warrior but do no damage.
The orc warrior is heavily wounded.
The orc warrior hits you with a +0 war axe!
* * * LOW HITPOINT WARNING * * *
You barely miss the orc warrior.
The orc warrior is heavily wounded.
The orc hits you but does no damage.
Really quaff the potion of lignification?
Okay, then.
Okay, then.
You block the orc's attack. The orc hits you but does no damage.
The orc warrior hits you with a +0 war axe!
You die...

....#.........≈≈+...#
....#g...∩....≈≈+...#
....#g........≈g+.).#
...##8.8...8.8≈##...#
...#≈!........≈#....##
...#≈:.....≈#≈≈#.....##
...##≈≈≈#≈≈ ####......##
....#########..(...8...#
.8....'.....'.).@oo....#
.....(#≈≈≈≈≈#..........#
......#≈≈≈≈≈#...8..8..##
.8...##≈≈≈≈≈##.......##
....##...K.K.##.....##
...##.........##...##
####♣♣♣.....♣♣♣#####
♣♣♣∩♣♣♣


You could see an orc warrior and an orc.

Vanquished Creatures
  An ice beast (D:6)
  An orc warrior (Bailey)
  A phantom (D:6)
  2 scorpions
  4 killer bees (D:7)
  A jelly (D:5)
  2 hounds
  3 orc wizards
  2 worker ants
  An adder (D:3)
  A gnoll (D:1)
  A shadow imp (Temple)
  An ooze (D:1)
  3 worms
  2 dart slugs
  2 leopard geckos
  19 orcs
  6 giant cockroaches
  7 goblins
  9 hobgoblins
  7 jackals
  4 quokkas
  5 bats
  4 frilled lizards (D:3)
  15 kobolds
  A quokka skeleton (D:5)
  5 rats
110 creatures vanquished.

Notes
Turn   | Place    | Note
-------+----------+-------------------------------------------
     0 | D:1      | Burgietje the Gargoyle Fighter began the quest for the Orb.
     0 | D:1      | Reached XP level 1. HP: 14/14 MP: 1/1
    41 | D:1      | Reached skill level 2 in Axes
    41 | D:1      | Reached XP level 2. HP: 17/19 MP: 2/2
   120 | D:1      | Reached XP level 3. HP: 12/24 MP: 3/3
   834 | D:2      | Found a faded altar of an unknown god.
  1155 | D:3      | Found a sparkling altar of Nemelex Xobeh.
  1162 | D:3      | Reached XP level 4. HP: 30/30 MP: 4/4
  1239 | D:3      | Reached skill level 3 in Axes
  1476 | D:3      | Reached XP level 5. HP: 29/34 MP: 5/5
  1823 | D:3      | Reached skill level 5 in Fighting
  1828 | D:3      | Found a shadowy altar of Dithmenos.
  1963 | D:4      | Found Laised's Gadget Shop.
  2091 | D:4      | Found Gipsalye's Gadget Shoppe.
  2135 | D:4      | Reached skill level 4 in Axes
  2135 | D:4      | Reached XP level 6. HP: 39/40 MP: 6/6
  2160 | D:4      | Found Lizxeyxu's Distillery.
  2168 | D:4      | Bought a potion of degeneration for 13 gold pieces
  2168 | D:4      | Bought a potion of lignification for 39 gold pieces
  2170 | D:4      | Found a white marble altar of Elyvilon.
  2238 | D:4      | Found a blossoming altar of Fedhas.
  2268 | D:4      | Found Horuumimi's Book Shop.
  2522 | D:4      | Found a sacrificial altar of Ru.
  2567 | D:5      | Entered Level 5 of the Dungeon
  2937 | D:5      | Found a staircase to the Ecumenical Temple.
  2951 | Temple   | Entered the Ecumenical Temple
  3034 | Temple   | Became a worshipper of Warmaster Okawaru
  3601 | D:6      | Found an ancient bone altar of Kikubaaqudgha.
  3619 | D:6      | Noticed a phantom
  3658 | D:6      | Killed a phantom
  3658 | D:6      | Reached skill level 1 in Invocations
  3776 | D:6      | Reached XP level 7. HP: 45/45 MP: 8/8
  3783 | D:6      | Found a snail-covered altar of Cheibriados.
  3861 | D:6      | Reached skill level 5 in Axes
  4429 | D:7      | Reached * piety under Okawaru
  4443 | D:7      | Found a flagged portal.
  4452 | D:7      | Got an ichor-stained hand axe
  4455 | Bailey   | Entered a bailey
  4458 | Bailey   | Identified the +5 hand axe of Gluttony {elec, rElec rPois}
                  | (You found it on level 7 of the Dungeon)
  4465 | Bailey   | Noticed an orc warlord
  4542 | Bailey   | Reached skill level 6 in Axes
  4542 | Bailey   | Reached XP level 8. HP: 51/51 MP: 8/11
  4551 | Bailey   | Found a runed translucent gate.
  4551 | Bailey   | Found a runed translucent gate.
  4565 | Bailey   | Found a runed translucent gate.
  4609 | Bailey   | Mangled by an orc warrior

Levels and vault maps discovered:
D:1:      sevenhm_arrival_forest_fort_small_3, layout_rooms
D:2:      layout_loops_cross, chequers_ecumenical_altar_island
D:3:      layout_loops_cross, marbit_many_paths,
          nemelex_xobeh_ov_fountains_minmay, first_ration
D:4:      layout_loops_ring, nicolae_overflow_crystal_walls,
          fedhas_ov_isle_minmay, serial_shops, shop, nicolae_shop_behind_doors,
          shop, shop, serial_glass, glass_columns_a, glass_columns_a,
          glass_columns_a, glass_columns_a, glass_columns_a,
          nicolae_ru_path_of_blood
D:5:      layout_basic, minmay_temple_entry_statues_fountains
D:6:      layout_basic, kennysheep_mini_moat, lemuel_crystal_altar
D:7:      layout_loops_ring, grunt_temple_overflow_order_and_chaos_2,
          kennysheep_little_box, old_standard_altar, enter_bailey_2
Temple:   corrupted_temple
Bailey:   bailey_axe_bossmonster_kennysheep, bailey

Skill      XL: |  1  2  3  4  5  6  7 |
---------------+----------------------+-----
Axes           | 2 3 4 6 |  6.0
Fighting       | 4 5 |  5.8
Invocations    | 2 4 |  4.7
Armour         | |  3.2
Shields        | |  3.2

Action                   |  1- 3 |  4- 6 |  7- 9 || total
-------------------------+-------+-------+-------++-------
Melee: War axe           |    90 |   201 |       ||   291
       Hand axe          |       |    11 |    64 ||    75
Invok: Heroism           |       |       |     1 ||     1
  Use: Potion            |       |       |     1 ||     1
  Eat: Chunk             |       |     8 |     2 ||    10
       Ration            |       |       |     1 ||     1
Armor: Scale mail        |    67 |   144 |    33 ||   244
Dodge: Dodged            |    42 |    83 |    27 ||   152
       Deflected         |       |       |     9 ||     9
Block: Shield            |    64 |   120 |    47 ||   231
